 Dungeon Crawl Stone Soup version 0.30-a0-718-geaa24f58ff (webtiles) character file.

Game seed: 15072624915228959819

394 ragingrage the Digger (level 6, -6/32 HPs)
             Began as a Deep Elf Earth Elementalist on Jan 25, 2023.
             Mangled by an ogre
             ... wielding a +0 giant spiked club
              (19 damage)
             ... on level 4 of the Dungeon.
             The game lasted 00:03:29 (2625 turns).

ragingrage the Digger (Deep Elf Earth Elementalist) Turns: 2625, Time: 00:03:30

Health: -6/32      AC:  3    Str:  5    XL:     6   Next: 51%
Magic:  9/15       EV: 12    Int: 22    God:
Gold:   281        SH:  0    Dex: 15    Spells: 11/15 levels left

rFire   . . .      SeeInvis .    d - +2 whip (elec)
rCold   . . .      Faith    .    (no shield)
rNeg    . . .      Spirit   .    a - +0 robe
rPois   .          Reflect  .    (no helmet)
rElec   .          Harm     .    (no cloak)
rCorr   .          Rampage  .    (no gloves)
Will    .....                    l - +0 pair of boots
Stlth   +++                      (no amulet)
HPRegen 0.25/turn                (no ring)
MPRegen 0.14/turn                (no ring)

@: very slightly contaminated
A: no striking features
a: no special abilities


You were on level 4 of the Dungeon.
You visited 1 branch of the dungeon, and saw 4 of its levels.
You also visited: Sewer.

You collected 281 gold pieces.

Inventory:

Hand Weapons
 c - a +0 dagger
 d - a +2 whip of electrocution (weapon)
 m - a +2 rapier of venom
Armour
 a - a +0 robe (worn)
 l - a +0 pair of boots (worn)
Scrolls
 e - a scroll of fear {unknown}
 f - a scroll of identify {unknown}
 g - 2 scrolls of teleportation {unknown}
 k - a scroll of enchant armour {unknown}
Potions
 b - 3 potions of magic
 h - 3 potions of curing {unknown}
 i - a potion of heal wounds {unknown}
 j - a potion of berserk rage
 n - 2 potions of mutation {unknown}


   Skills:
 - Level 2.4 Dodging
 - Level 5.0 Stealth
 - Level 5.0 Spellcasting
 + Level 3.2 Conjurations
 - Level 1.1 Transmutations
 + Level 5.3 Earth Magic


You had 11 spell levels left.
You knew the following spells:

 Your Spells              Type           Power      Damage    Failure   Level
a - Sandblast             Erth           58%        2d13      1%          1
b - Stone Arrow           Conj/Erth      48%        3d10      5%          3

Your spell library contained the following spells:

 Spells                   Type           Power      Damage    Failure   Level
 Passwall                 Tmut/Erth      15%        N/A       4%          2
 Petrify                  Tmut/Erth      19%        N/A       26%         4
 Animate Armour           Summ/Erth      34%        N/A       32%         4
 Lehudib's Crystal Spear  Conj/Erth      12%        10d4      100%        8


Dungeon Overview and Level Annotations

Branches:
Dungeon (4/15)              Sewer (visited)
 Temple: D:4-7

Altars:
Hepliaklqana
Sif Muna

Shops:
D:4 :


Message History

The ogre shouts!
The blast of sand hits the dart slug!!
You kill the dart slug!
The blast of sand hits the goblin!!
You kill the goblin!
The hobgoblin hits you but does no damage.
The blast of sand hits the hobgoblin.
The hobgoblin is lightly wounded.
The hobgoblin hits you.
The blast of sand hits the hobgoblin!
You kill the hobgoblin!
The ogre hits you with a +0 giant spiked club!!
Ouch! That really hurt!
* * * LOW HITPOINT WARNING * * *
Casting: Sandblast (safe; 1% risk of failure)
Confirm with . or Enter, or press ? or * to list all spells.
Okay, then.
There is an open door here.
You see here 3 stones.
There is an open door here.
Items here: ( )) [ †††††.
There is an escape hatch in the floor here.
Casting: Sandblast (safe; 1% risk of failure)
Confirm with . or Enter, or press ? or * to list all spells.
Aiming: Stone Arrow (dangerous; 5% risk of failure)
Press: ? - help, Shift-Dir - straight line, f - ogre
Aim: an ogre, wielding a +0 giant spiked club (86% to hit)
The stone arrow hits the ogre!
The ogre is heavily wounded.
Casting: Stone Arrow (dangerous; 5% risk of failure)
Confirm with . or Enter, or press ? or * to list all spells.
Aiming: Stone Arrow (dangerous; 5% risk of failure)
Press: ? - help, Shift-Dir - straight line, f/p - ogre
Aim: an ogre, wielding a +0 giant spiked club (heavily wounded, 86% to hit)
You miscast Stone Arrow.
You are very lightly contaminated with residual magic.
Energy rips through your body.
The ogre hits you with a +0 giant spiked club!!
Ouch! That really hurt!
You die...

#.#.######.####...##
#.#.######.# ##..#
#.......##.## #..#
####.##.#...####..#
#o##..#...>)#..#
##.##.#.#.##.#..#
#.........##.#..#
#.O##.###.##.#..###
#.@##.# #.##.#.....
##..##.###.##.#.####
#...........#.#.####
#..###.#........#...
#..# #.###..#.###.##
#..###.###..#.###.##
#...........#.....##
#.####.............#
#.# ######.######..


You could see an ogre and an orc.

Vanquished Creatures
  A water moccasin (Sewer)
  A necrophage (D:4)
  A hound (D:4)
  2 iguanas (D:4)
  7 adders
  An ufetubus (D:3)
  3 worms
  3 dart slugs
  2 orcs
  7 endoplasms
  4 giant cockroaches (D:3)
  5 hobgoblins
  A jackal (D:4)
  7 kobolds
  3 quokkas
  6 ball pythons
  7 bats
  3 frilled lizards
  8 goblins
  4 rats
76 creatures vanquished.

Notes
Turn   | Place    | Note
-------+----------+-------------------------------------------
     0 | D:1      | ragingrage the Deep Elf Earth Elementalist began the quest
                  | for the Orb.
     0 | D:1      | Reached XP level 1. HP: 10/10 MP: 6/6
    81 | D:1      | Reached XP level 2. HP: 15/15 MP: 2/8
   815 | D:2      | Identified the +1 leather armour "Soupytrohi" {Rampage
                  | rCorr Int-5}
   889 | D:2      | Identified the +0 ring mail of the New World {Dex+3}
   890 | D:2      | You fall into a shaft and drop 1 floor!
   901 | D:3      | Reached XP level 3. HP: 12/19 MP: 5/10
   949 | D:3      | Learned a level 3 spell: Stone Arrow
  1172 | D:3      | Found a glowing drain.
  1183 | Sewer    | Entered a sewer
  1241 | Sewer    | Noticed a water moccasin
  1248 | Sewer    | Killed a water moccasin
  1249 | Sewer    | Reached skill level 1 in Conjurations
  1249 | Sewer    | Reached XP level 4. HP: 24/24 MP: 5/12
  1249 | Sewer    | Reached XP level 5. HP: 28/28 MP: 5/14
  1460 | D:3      | Found a shimmering blue altar of Sif Muna.
  1460 | D:3      | Found a hazy altar of Hepliaklqana.
  1748 | D:3      | Found a faded altar of an unknown god.
  1749 | D:3      | Noticed an eye of devastation
  1756 | D:3      | Noticed a floating eye
  1761 | D:3      | Noticed a floating eye
  1766 | D:3      | Noticed a golden eye
  2206 | D:4      | Reached skill level 5 in Spellcasting
  2355 | D:4      | Found Sifeqe's Book Shop.
  2438 | D:4      | Reached XP level 6. HP: 20/32 MP: 9/15
  2441 | D:4      | Reached skill level 5 in Stealth
  2441 | D:4      | Reached skill level 5 in Earth Magic
  2554 | D:4      | Identified the +2 fire dragon scales of Action {rPois rF++
                  | rC- Dex+6}
  2625 | D:4      | Mangled by an ogre

Illustrated notes

Levels and vault maps discovered:
D:1:      shiori_arrival_oz, layout_basic, minmay_misc_feat_plants,
          dreamdust_wishing_well
D:2:      layout_loops_ring, kennysheep_generic_room_2, uniq_robin
D:3:      layout_loops_ring, jmf_multi_god_temple,
          hellmonk_ecumenical_altar_watching_god, gup_sewer_entry_spiral,
          minivault_27, supply_closet_lemuel
D:4:      layout_loops_ring, serial_shops, shop, nicolae_stop_n_shop_2,
          grunt_decor_clamped, minmay_strange_pillars, minmay_joined_circles

Skill      XL: |  1  2  3  4  5  6 |
---------------+-------------------+-----
Stealth        | 3 4 5 |  5.0
Spellcasting   | 4 5 |  5.0
Earth Magic    | 4 5 |  5.3
Conjurations   | 1 2 3 |  3.2
Dodging        | |  2.4
Transmutations | |  1.1

Action                     |  1- 3 |  4- 6 || total
---------------------------+-------+-------++-------
  Melee: Whip              |     3 |     2 ||     5
   Cast: Sandblast         |    56 |    56 ||   112
         Stone Arrow       |       |     1 ||     1
 Armour: Robe              |     2 |     5 ||     7
  Dodge: Dodged            |    18 |    17 ||    35

Table legend: (Time is in decaauts)
 A = Elapsed time spent in this place.
 B = Non-inter-level travel time spent in this place.
 C = Inter-level travel time spent in this place.
 D = Time resting spent in this place.
 E = Time spent auto-exploring this place.
 F = Levels seen in this place.
 G = Mean time per level.
                   A        B        C        D        E       F      G
               +--------+--------+--------+--------+--------+-----+--------+
         Total |   2717 |   2545 |    172 |    243 |   1737 |   5 |  543.4 |
       Dungeon |   2546 |   2374 |    172 |    216 |   1646 |   4 |  636.5 |
         Sewer |    170 |    170 |      0 |     27 |     91 |   1 |  170.0 |
               +--------+--------+--------+--------+--------+-----+--------+

Top non-repeatable levels by time:
     D:3: 1193 daAuts
     D:1: 821 daAuts
     D:4: 451 daAuts
   Sewer: 170 daAuts
     D:2: 80 daAuts
